 Dungeon Crawl Stone Soup version 0.28.0-45-g0d030f2227 (webtiles) character file.

Game seed: 8707362209274329007

90 dianekeaton the Chopper (level 4, -3/39 HPs)
             Began as a Hill Orc Fighter on Apr 4, 2022.
             Slain by an orc wizard
             ... wielding a +0 dagger
              (4 damage)
             ... on level 3 of the Dungeon.
             The game lasted 00:06:12 (2933 turns).

dianekeaton the Chopper (Hill Orc Fighter)          Turns: 2933, Time: 00:06:13

Health: -3/39      AC:  6    Str: 20    XL:     4   Next: 56%
Magic:  4/4        EV:  9    Int:  8    God:
Gold:   135        SH:  0    Dex: 10    Spells: 3/3 levels left

rFire   . . .      SeeInvis .   a - +0 war axe
rCold   . . .      Faith    .   c - +0 buckler
rNeg    . . .      Spirit   .   b - +0 scale mail
rPois   .          Reflect  .   (no helmet)
rElec   .          Harm     .   (no cloak)
rCorr   .          Rampage  .   (no gloves)
Will    .....                   (no boots)
Stlth   ..........              (no amulet)
HPRegen 0.13/turn               (no ring)
MPRegen 0.09/turn               (no ring)

@: confused
A: no striking features
a: no special abilities


You were on level 3 of the Dungeon.
You visited 1 branch of the dungeon, and saw 3 of its levels.

You collected 135 gold pieces.

Inventory:

Hand Weapons
 a - a +0 war axe (weapon)
Missiles
 j - 3 datura-tipped darts (quivered)
Armour
 b - a +0 scale mail (worn)
 c - a +0 buckler (worn)
 n - the +3 chain mail of Restlessness {Drain Dex+3}
   (You found it on level 3 of the Dungeon)

   Dex:       It affects your dexterity (+3).
   Drain:     It drains your maximum health when unequipped.
Jewellery
 l - a ring of protection from cold
Scrolls
 e - 2 scrolls of teleportation {unknown}
 k - a scroll of blinking {unknown}
 m - a scroll of noise {unknown}
Potions
 f - 2 potions of curing {unknown}
 g - 2 potions of attraction {unknown}
 h - a potion of lignification {unknown}
 i - 2 potions of haste {unknown}


   Skills:
 - Level 3.6 Fighting
 + Level 5.9 Axes
 - Level 3.2 Armour
 + Level 0.8 Dodging
 - Level 3.2 Shields


You had 3 spell levels left.
You didn't know any spells.
Your spell library was empty.

Dungeon Overview and Level Annotations

Branches:
Dungeon (3/15)

Altars:
Ashenzari
Cheibriados
Gozag
Kikubaaqudgha

Annotations:
D:3 3 runed translucent doors, croobank's ghost, weakling MiFi


Message History

The orc wizard is heavily wounded.
You block the orc wizard's attack.
You barely miss the orc wizard.
The orc wizard is heavily wounded.
The orc wizard casts a spell at you.
You are confused.
You are too confused!
You closely miss the orc wizard.
The orc wizard is heavily wounded.
The orc wizard points at you and mumbles some strange words.
The magic dart hits you!
You hit the orc wizard.
The orc wizard is heavily wounded.
The orc wizard casts a spell at you. The puff of flame hits you!
The orc wizard hits you with a +0 dagger.
You closely miss the orc wizard.
The orc wizard is heavily wounded.
The orc wizard hits you with a +0 dagger.
You bump into the rock wall.
You feel less confused. The orc wizard casts a spell at you.
The magic dart hits you.
* * * LOW HITPOINT WARNING * * *
The orc wizard mumbles some strange words.
The orc wizard flickers and vanishes!
Deactivating autopickup; reactivate with Ctrl-A.
A magic dart appears from out of thin air!
The magic dart hits you.
* * * LOW HITPOINT WARNING * * *
You hear some strange, mumbled words.
You are confused.
A magic dart appears from out of thin air!
The magic dart hits you.
* * * LOW HITPOINT WARNING * * *
Non-targeted confused throw: 4 darts (datura)
Press: ? - help, Q - select action Dir - look around, f - activate You throw a datura-tipped dart.
You bump into the rock wall.
Something hits you.
You die...

######### #>.......
##############.#######
#....@(...............
#.#####...####........
#.# #...# ########.
#.# #...# ###+ #.#
#...# #... #.#
###...## #).. #.#
#......# #...
#####.###......# #...
#.....)........# #...


There were no monsters in sight!

Vanquished Creatures
  3 adders
  A dart slug (D:2)
  4 orcs (D:3)
  3 ball pythons
  3 bats
  6 endoplasms
  3 giant cockroaches
  6 goblins
  A hobgoblin (D:2)
  4 jackals (D:2)
  5 quokkas
  7 frilled lizards
  2 kobolds (D:1)
  6 rats
54 creatures vanquished.

Vanquished Creatures (others)
  7 plants (D:2)
7 creatures vanquished.

Grand Total: 61 creatures vanquished

Notes
Turn   | Place    | Note
-------+----------+-------------------------------------------
     0 | D:1      | dianekeaton the Hill Orc Fighter began the quest for the
                  | Orb.
     0 | D:1      | Reached XP level 1. HP: 19/19 MP: 1/1
    56 | D:1      | Reached skill level 3 in Axes
   205 | D:1      | Reached XP level 2. HP: 14/26 MP: 2/2
   433 | D:1      | Reached skill level 4 in Axes
   954 | D:2      | Reached XP level 3. HP: 29/31 MP: 3/3
  1145 | D:2      | Reached skill level 5 in Axes
  1267 | D:2      | Reached XP level 4. HP: 39/39 MP: 4/4
  1396 | D:2      | Found a faded altar of an unknown god.
  1654 | D:3      | Found an opulent altar of Gozag.
  1983 | D:3      | Found a snail-covered altar of Cheibriados.
  2118 | D:3      | Found a runed translucent gate.
  2120 | D:3      | Found a runed translucent gate.
  2120 | D:3      | Noticed croobank's ghost (weakling MiFi)
  2121 | D:3      | Found a runed translucent gate.
  2123 | D:3      | Identified the +4 hunting sling "Wuro" {venom, rElec Will+}
  2180 | D:3      | Identified the +3 chain mail of Restlessness {Drain Dex+3}
  2751 | D:3      | Found a broken altar of Ashenzari.
  2760 | D:3      | Found an ancient bone altar of Kikubaaqudgha.
  2930 | D:3      | HP: 1/39 [something/magic dart (5)]
  2933 | D:3      | Slain by an orc wizard

Illustrated notes

Levels and vault maps discovered:
D:1:      dpeg_arrival_simpleton_b, layout_basic, minmay_crystal_room
D:2:      layout_rooms, serial_bayou, serial_bayou_pond_e, serial_bayou_pond_b,
          serial_bayou_pond_d, serial_bayou_pond_a, serial_bayou_pond_c,
          shapermc_ecumenical_altar_notcrosses, grunt_ministairs_10,
          kennysheep_path_1, hangedman_decor_points
D:3:      layout_basic, grunt_gozag_breadcrumbs, minitemple,
          general_overflow_altar, biasface_ghost_orc_armoury

Skill      XL: |  1  2  3 |
---------------+----------+-----
Axes           | 3 4 5 |  5.9
Fighting       | |  3.6
Armour         | |  3.2
Dodging        | |  0.8
Shields        | |  3.2

Action                   |  1- 3 |  4- 6 || total
-------------------------+-------+-------++-------
Melee: War axe           |    84 |    73 ||   157
Throw: Dart              |       |     1 ||     1
  Use: Potion            |       |     1 ||     1
Armor: Scale mail        |    46 |    43 ||    89
Dodge: Dodged            |    44 |    33 ||    77
Block: Buckler           |    19 |    22 ||    41
